 Dungeon Crawl Stone Soup version 0.18.1-8-gdd0e5ea (webtiles) character file.

352 Aquadorian the Cutter (level 6, -13/52 HPs)
             Began as a Minotaur Fighter on June 5, 2016.
             Mangled by an ogre
             ... wielding a +0 giant spiked club
              (19 damage)
             ... on level 4 of the Dungeon.
             The game lasted 00:29:11 (2836 turns).

Aquadorian the Cutter (Minotaur Fighter)            Turns: 2836, Time: 00:29:11

Health: -13/52     AC: 10    Str: 18 (20) XL:     6   Next: 35%
Magic:  5/5        EV:  7    Int:  4 (5)  God:
Gold:   152        SH:  0    Dex: 10 (12) Spells: 0 memorised, 5 levels left

rFire  . . .     SeeInvis .     u - +0 great sword
rCold  . . .     Gourm    .     i - +0 chain mail
rNeg   . . .     Faith    .     (shield currently unavailable)
rPois  +         Spirit   .     (helmet unavailable)
rElec  .         Dismiss  .     p - +0 cloak
rCorr  .         Reflect  .     (no gloves)
SustAt .         Harm     .     (no boots)
MR     .....                    (no amulet)
Stlth  ..........               (no ring)
                                n - ring of poison resistance

@: flying, not resistant to hostile enchantments, extremely unstealthy
A: retaliatory headbutt, horns 3, mutation resistance 1, wild magic 1
a: no special abilities


You were on level 4 of the Dungeon.
You were not hungry.

You visited 1 branch of the dungeon, and saw 4 of its levels.

You collected 152 gold pieces.

Inventory:

Hand Weapons
 a - a +0 rapier
 g - a +1 hunting sling of flaming
 u - a +0 great sword (weapon)
Missiles
 k - 77 arrows
Armour
 c - a +2 shield
 i - a +0 chain mail (worn)
 p - a +0 cloak (worn)
Jewellery
 e - an uncursed ring of fire
 n - a ring of poison resistance (left hand)
Scrolls
 j - 2 scrolls of identify
 m - 2 scrolls of amnesia
 o - 3 scrolls of remove curse
 s - a scroll of enchant armour
 t - a scroll of magic mapping {unknown}
 w - a scroll of recharging
Potions
 d - a potion of might
 l - 2 potions of flight
Comestibles
 b - 5 chunks of flesh
 f - 2 bread rations
 h - 2 beef jerkies
 v - 5 fruits


   Skills:
 - Level 4.0 Fighting
 - Level 6.9 Short Blades
 + Level 4.2 Armour
 + Level 0.4 Dodging
 - Level 3.7 Shields


You had 5 spell levels left.
You didn't know any spells.

Dungeon Overview and Level Annotations

Branches:
Dungeon (4/15)             Temple (0/1) D:4

Altars:
Gozag
Ru


Innate Abilities, Weirdness & Mutations

You reflexively headbutt those who attack you in melee.
You have a pair of large horns on your head.
You are somewhat resistant to further mutation.
Your spells are a little harder to cast, but a little more powerful.


Message History

The ogre hits you with a giant spiked club!!
* * * LOW HITPOINT WARNING * * *
A worm comes into view.
There is a stone staircase leading up here.
Drink which item? (? for menu, Esc to quit)
It was a potion of flight.
You feel very buoyant.
You fly up into the air.
Drink which item? (? for menu, Esc to quit)
It was a potion of degeneration.
There was something very wrong with that liquid.
You feel weakened.
You feel dopey.
You feel clumsy.
The ogre hits you with a giant spiked club!
* * * LOW HITPOINT WARNING * * *
Drink which item? (? for menu, Esc to quit)
It was a potion of mutation.
You feel extremely strange. The horns on your head grow some more.
You feel less in control of your magic.
You feel genetically stable.
The ogre hits you with a giant spiked club!!
You die...

#≈≈≈≈# ...>......#.# #...
#≈≈≈≈# ########..#.# #.## #
#### #..#.# #.# ####..#
#..#.# #.# ......# #..#.#
#.# ####..#############
#..#.####(#
##.##..........##
#..#......#
#.#...####.....###..########
#..........O@.............
##.......#......###..######
#........#w#....##...#
..............##.#.##..##
####..........##.#.##..#
##.........##.#.##..#
#............#.##..#
#.....########.##..# #####..
......#


You could see an ogre and a worm.

Vanquished Creatures
  Sigmund (D:2)
  An orc wizard (D:3)
  Terence (D:2)
  A worker ant (D:4)
  3 adders
  4 worms
  2 dart slugs
  A giant gecko (D:1)
  4 orcs (D:3)
  7 bats
  3 giant cockroaches
  13 goblins
  13 hobgoblins
  A quokka (D:3)
  3 ball pythons
  A giant gecko skeleton (D:4)
  3 giant newts
  7 kobolds
  6 rats
75 creatures vanquished.

Notes
Turn   | Place    | Note
--------------------------------------------------------------
     0 | D:1      | Aquadorian the Minotaur Fighter began the quest for the Orb.
     0 | D:1      | Reached XP level 1. HP: 19/19 MP: 0/0
   341 | D:1      | Reached XP level 2. HP: 27/27 MP: 1/1
   661 | D:1      | Reached skill level 3 in Short Blades
   880 | D:2      | Reached XP level 3. HP: 33/33 MP: 2/2
   999 | D:2      | Reached skill level 4 in Short Blades
  1075 | D:2      | Noticed Sigmund
  1083 | D:2      | Killed Sigmund
  1083 | D:2      | Reached skill level 6 in Short Blades
  1083 | D:2      | Reached XP level 4. HP: 34/40 MP: 3/3
  1083 | D:2      | Reached XP level 5. HP: 39/46 MP: 4/4
  1550 | D:2      | Noticed Terence
  1566 | D:2      | Killed Terence
  1698 | D:3      | Reached XP level 6. HP: 50/52 MP: 5/5
  1932 | D:3      | Found a sacrificial altar of Ru.
  1974 | D:3      | Found an opulent altar of Gozag.
  2811 | D:4      | Found a staircase to the Ecumenical Temple.
  2836 | D:4      | Gained mutation: You have a pair of large horns on your head. [potion of mutation]
  2836 | D:4      | Gained mutation: Your spells are a little harder to cast, but a little more powerful. [potion of mutation]
  2836 | D:4      | Gained mutation: You are somewhat resistant to further mutation. [potion of mutation]
  2836 | D:4      | Mangled by an ogre

Skill      XL: |  1  2  3  4  5  6 |
---------------+-------------------+-----
Fighting       | 4 |  4.0
Short Blades   | 3 6 |  6.9
Armour         | 4 |  4.2
Dodging        | |  0.4
Shields        | |  3.7

Action                   |  1- 3 |  4- 6 || total
-------------------------+-------+-------++-------
Melee: Rapier            |    91 |    97 ||   188
       Headbutt          |    10 |    22 ||    32
       Great sword       |       |    27 ||    27
  Use: Scroll            |     5 |     5 ||    10
       Potion            |       |     3 ||     3
 Stab: Paralysed         |       |     1 ||     1
  Eat: Chunk             |     1 |     5 ||     6
Armor: Scale mail        |    42 |     6 ||    48
       Chain mail        |       |    36 ||    36
Dodge: Dodged            |    26 |    37 ||    63
Block: Shield            |    47 |    44 ||    91
